 Dungeon Crawl Stone Soup version 0.31-a0-222-gefeffbb62a (webtiles) character file.

Game seed: 12808320953860673134

5034 qw the Cleaver (level 10, -14/65 HPs)
             Began as a Gargoyle Fighter on July 5, 2023.
             Was a Believer of Okawaru.
             Demolished by a minotaur
             ... wielding a +7 heavy trident
              (22 damage)
             ... in a Gauntlet.
             The game lasted 00:03:54 (8820 turns).

qw the Cleaver (Gargoyle Fighter)                   Turns: 8820, Time: 00:03:55

Health: -14/65     AC: 25    Str: 24    XL:     10   Next: 55%
Magic:  12/13      EV: 12    Int:  9    God:    Okawaru [**....]
Gold:   414        SH:  7    Dex: 15    Spells: 9/9 levels left

rFire   + . .        Y - +2 war axe (venom)
rCold   . . .        c - +0 buckler
rNeg    + . .        t - +0 chain mail
rPois   inf          (helmet restricted)
rElec   +            l - +2 cloak
rCorr   .            (no gloves)
SInv    .            b - +2 pair of boots {Fly}
Will    .....        i - amulet of the acrobat Stlth
                     p - +6 ring of dexterity
HPRegen 0.30/turn    n - ring of protection from fire
MPRegen 0.13/turn

%: no teleportation, acrobat
@: heroic, flying
A: sickness immunity, AC +7, negative energy resistance 1, electricity
resistance, torment resistance 1, petrification resistance, horns 1
a: Renounce Religion, Heroism


You were in a Gauntlet.
You worshipped Okawaru.
Okawaru was pleased with you.
You visited 3 branches of the dungeon, and saw 10 of its levels.
You also visited: Gauntlet.

You collected 654 gold pieces.
You spent 240 gold pieces at shops.


Innate Abilities, Weirdness & Mutations

You are immune to sickness and miasma.
Your stone body is resilient. (AC +7)
You are immune to poison.
You resist negative energy. (rN+)
You are resistant to electric shocks. (rElec)
You are resistant to unholy torment.
You are immune to petrification.
You have a pair of small horns on your head.


   Skills:
 - Level 8.8(13.8) Fighting
 + Level 10.2(15.2) Axes
 - Level 2.1(7.1) Throwing
 - Level 5.0(10.0) Armour
 - Level 2.3(7.3) Dodging
 - Level 5.3(10.3) Shields
 - Level 4.0 Invocations


You had 9 spell levels left.
You didn't know any spells.
Your spell library was empty.

Inventory:

Hand Weapons
 a - a +1 hand axe of flaming
 f - a +0 war axe of electrocution
 Y - a +2 war axe of venom (weapon)
Armour
 b - a +2 pair of boots of flying (worn)
 c - a +0 buckler (worn)
 l - a +2 cloak (worn)
 o - the +2 pair of boots of the Distant Future {MP+9 Str+2}
   (You found it in a Gauntlet)

   Str:       It affects your strength (+2).
   MP:        It affects your magic capacity (+9).
 r - a +1 ring mail of cold resistance
 t - a +0 chain mail (worn)
Jewellery
 i - an amulet of the acrobat (around neck)
 n - a ring of protection from fire (right hand)
 p - a +6 ring of dexterity (left hand)
Scrolls
 m - 4 scrolls of teleportation
 s - a scroll of identify
Potions
 d - 2 potions of might
 e - 2 potions of haste
 g - a potion of attraction
 h - a potion of lignification
 j - 3 potions of curing
 k - a potion of degeneration {unknown}
 v - a potion of enlightenment

Dungeon Overview and Level Annotations

Branches:
Dungeon (8/15)             Temple (1/1) D:6            Lair (1/5) D:8
Gauntlet (1/1)

Altars:
Ashenzari
Cheibriados
Dithmenos
Elyvilon
Fedhas
Gozag
Hepliaklqana
Kikubaaqudgha
Makhleb
Okawaru
Ru
Sif Muna
Trog
Uskayaw
Vehumet
Wu Jian
Xom
Yredelemnul
Zin
The Shining One

Shops:
D:5 (?[

Annotations:
D:4 1 runed translucent door, Crazy Yiuf Gauntlet 12 transporters


Message History

Enter note:
8808 ||| INVOKING Heroism.
You gain the combat prowess of a mighty hero.
The minotaur throws a silver javelin.
The silver javelin pierces through you. The silver sears you!
Found a gate leading back out of this place.
There is an open door here.
Enter note:
Enter note: The minotaur throws a silver javelin.
The silver javelin completely misses you.
Enter note:
Enter note: The minotaur throws a silver javelin.
The silver javelin pierces through you but does no damage.
The silver sears you!
The minotaur hits you with a +7 heavy trident!!
The minotaur barely misses you. The minotaur blocks your attack.
The minotaur blocks your attack.
Your headbutt misses the minotaur. You block the minotaur's attack. x2
The minotaur blocks your attack. The minotaur blocks your attack.
You headbutt the minotaur, but do no damage.
The minotaur hits you with a +7 heavy trident!
The minotaur gores you.
You slash the minotaur!
The minotaur is lightly wounded.
You hit the minotaur but do no damage. Your headbutt misses the minotaur.
The minotaur is lightly wounded.
The minotaur barely misses you.
The minotaur gores you but does no damage.
You completely miss the minotaur.
The minotaur furiously retaliates!
The minotaur headbutts you!
The minotaur is lightly wounded.
You hit the minotaur but do no damage.
The minotaur is poisoned.
You headbutt the minotaur.
The minotaur is lightly wounded.
The minotaur hits you with a +7 heavy trident!!
You die...

##### #8\8# #[.)#
#8.8# ####:H|####
###8.#8@8#.8###
#....#...#....#
#.#..#8.8#..#.#
#.#..##'##..#.#
#.............#
#.#.##.#.##.#.#
#.#....#....#.#
###.#.#######.#.###
#~...............ยค#


You could see a minotaur (very poisoned).

Vanquished Creatures
  A wizard (Gauntlet)
  A cane toad (Lair:1)
  A komodo dragon (D:8)
  A polar bear (Lair:1)
  A raiju (Gauntlet)
  8 yaks (D:8)
  2 swamp worms (Gauntlet)
  An acid dragon (D:8)
  A water moccasin (Lair:1)
  A sky beast (D:7)
  A black bear (D:5)
  3 centaurs
  3 phantoms
  A kobold brigand (D:8)
  A bullfrog (D:6)
  A gnoll sergeant (D:7)
  3 scorpions
  6 killer bees
  A howler monkey (D:6)
  2 hounds
  An orc priest (D:7)
  A gnoll bouda (D:4)
  A sleepcap (D:6)
  Ijyb (D:4)
  3 iguanas
  2 lightning spires (Gauntlet)
  2 orc wizards
  Robin (D:2)
  15 gnolls
  10 adders
  3 shadow imps
  4 white imps
  2 worms
  A dart slug (D:3)
  15 orcs
  6 bats
  4 endoplasms
  3 giant cockroaches (D:1)
  17 goblins
  7 hobgoblins
  16 jackals
  13 kobolds
  2 quokkas
  8 ball pythons
  5 frilled lizards
  11 rats
  A spectral orc (D:8)
195 creatures vanquished.

Notes
Turn   | Place    | Note
-------+----------+-------------------------------------------
     0 | D:1      | qw the Gargoyle Fighter began the quest for the Orb.
     0 | D:1      | Reached XP level 1. HP: 14/14 MP: 1/1
     0 | D:1      | 0 ||| qw: Version: 0.3-a-46-gb1f654a
     0 | D:1      | 0 ||| qw: Game counter: 1045
     0 | D:1      | 0 ||| qw: Melee chars always use a shield: true
     0 | D:1      | 0 ||| qw: God list: Okawaru
     0 | D:1      | 0 ||| qw: Allow faded altars: false
     0 | D:1      | 0 ||| qw: Do Orc after clearing Dungeon:15 true
     0 | D:1      | 0 ||| qw: Do second Lair branch before Depths: true
     0 | D:1      | 0 ||| qw: Lair rune preference: random
     0 | D:1      | 0 ||| qw: Goals: Normal, Zot:1-4, Slime:5, God:TSO, Crypt,
                  | Tomb, Abyss, Pan, Hells, Win
     0 | D:1      | 0 ||| PLANNING D:1-11
    32 | D:1      | Reached skill level 2 in Axes
    44 | D:1      | Reached XP level 2. HP: 7/19 MP: 2/2
   207 | D:1      | 207 ||| Stepping ~*~*~tactically~*~*~ (stealth).
   328 | D:1      | 328 ||| Stepping ~*~*~tactically~*~*~ (stealth).
   331 | D:1      | 331 ||| Stepping ~*~*~tactically~*~*~ (stealth).
   339 | D:1      | 339 ||| Stepping ~*~*~tactically~*~*~ (stealth).
   355 | D:1      | 355 ||| DROPPING +0 club.
   385 | D:1      | Reached skill level 3 in Axes
   401 | D:1      | Found a faded altar of an unknown god.
   408 | D:1      | 408 ||| Stepping ~*~*~tactically~*~*~ (stealth).
   411 | D:1      | 411 ||| Stepping ~*~*~tactically~*~*~ (stealth).
   448 | D:1      | Reached XP level 3. HP: 23/23 MP: 3/3
   459 | D:1      | 459 ||| Stepping ~*~*~tactically~*~*~ (hiding).
   633 | D:1      | 633 ||| READING scroll labelled YSATHR ERRONUMP.
   634 | D:1      | 634 ||| READING scroll labelled AGEROC FOLA.
   639 | D:1      | 639 ||| READING scroll labelled RUNUXK NUAKAM.
   640 | D:1      | 640 ||| READING scroll labelled CUMONT MUUBROFAM.
   641 | D:1      | 641 ||| READING scroll labelled FIODWI WAINO.
   665 | D:2      | Noticed Robin
   680 | D:2      | Killed Robin
   719 | D:2      | 719 ||| Stepping ~*~*~tactically~*~*~ (stealth).
   721 | D:2      | Reached XP level 4. HP: 27/28 MP: 4/4
   727 | D:2      | 727 ||| Stepping ~*~*~tactically~*~*~ (stealth).
   844 | D:2      | 844 ||| Stepping ~*~*~tactically~*~*~ (stealth).
   856 | D:2      | Reached skill level 4 in Axes
   882 | D:2      | 882 ||| Stepping ~*~*~tactically~*~*~ (stealth).
   924 | D:2      | 924 ||| Stepping ~*~*~tactically~*~*~ (stealth).
   936 | D:2      | 936 ||| Stepping ~*~*~tactically~*~*~ (stealth).
   992 | D:2      | Reached XP level 5. HP: 31/32 MP: 5/5
  1141 | D:2      | 1141 ||| UPGRADING to +0 helmet.
  1146 | D:2      | 1146 ||| UPGRADING to amulet of the acrobat.
  1630 | D:3      | 1630 ||| STAIRDANCE
  1705 | D:2      | Reached skill level 5 in Axes
  1883 | D:2      | 1883 ||| UPGRADING to +6 ring of dexterity.
  1942 | D:3      | Noticed a phantom
  1950 | D:3      | Killed a phantom
  1951 | D:3      | Reached XP level 6. HP: 37/37 MP: 6/6
  1974 | D:3      | 1974 ||| Stepping ~*~*~tactically~*~*~ (hiding).
  2172 | D:3      | 2172 ||| Stepping ~*~*~tactically~*~*~ (stealth).
  2173 | D:3      | 2173 ||| Stepping ~*~*~tactically~*~*~ (stealth).
  2180 | D:3      | Reached skill level 1 in Dodging
  2244 | D:3      | 2244 ||| UPGRADING to +1 ring mail of cold resistance.
  2254 | D:3      | 2254 ||| READING scroll labelled OMNITU PEHUORCH.
  2391 | D:4      | Noticed Ijyb
  2394 | D:4      | Paralysed by Ijyb for 3 turns
  2400 | D:4      | Paralysed by Ijyb for 5 turns
  2411 | D:4      | Killed Ijyb
  2541 | D:4      | 2541 ||| DROPPING +0 whip.
  2644 | D:4      | Reached XP level 7. HP: 42/43 MP: 7/7
  2786 | D:4      | Reached skill level 6 in Axes
  2822 | D:4      | 2822 ||| DROPPING +0 mace.
  2893 | D:4      | Found a runed translucent door.
  2894 | D:4      | Noticed Crazy Yiuf
  3055 | D:4      | 3055 ||| UPGRADING to +2 cloak.
  3060 | D:4      | 3060 ||| READING 2 scrolls labelled ENAMNO PUETAI.
  3084 | D:5      | Entered Level 5 of the Dungeon
  3084 | D:5      | Found Pollust's Magic Scroll Emporium.
  3091 | D:5      | 3091 ||| BUYING scroll of brand weapon (123 gold).
  3091 | D:5      | Bought a scroll of brand weapon for 123 gold pieces
  3091 | D:5      | 3091 ||| BUYING scroll of identify (26 gold).
  3091 | D:5      | Bought a scroll of identify for 26 gold pieces
  3091 | D:5      | 3091 ||| BUYING scroll of identify (26 gold).
  3091 | D:5      | Bought a scroll of identify for 26 gold pieces
  3091 | D:5      | 3091 ||| BUYING scroll of identify (26 gold).
  3091 | D:5      | Bought a scroll of identify for 26 gold pieces
  3091 | D:5      | 3091 ||| BUYING scroll of teleportation (39 gold).
  3091 | D:5      | Bought a scroll of teleportation for 39 gold pieces
  3091 | D:5      | 3091 ||| READING scroll of brand weapon.
  3091 | D:5      | 3091 ||| BRANDING +0 war axe.
  3197 | D:5      | Found Radeojoima's Antique Armour Shop.
  3198 | D:5      | 3198 ||| Stepping ~*~*~tactically~*~*~ (stealth).
  3302 | D:5      | 3302 ||| SWAPPING to +1 war axe of venom.
  3314 | D:5      | 3314 ||| SHOPLISTING +1 robe of Vines {NoPotionHeal
                  | Regen++++} (2480 gold, have 64).
  3314 | D:5      | 3314 ||| SHOPLISTING brightly glowing chain mail (294 gold,
                  | have 64).
  3314 | D:5      | 3314 ||| SHOPLISTING dyed leather armour (155 gold, have
                  | 64).
  3314 | D:5      | 3314 ||| SHOPLISTING shiny scale mail (217 gold, have 64).
  3666 | D:5      | Found Ewinkero's Weapon Shoppe.
  3676 | D:5      | Reached skill level 7 in Axes
  4062 | D:5      | Reached XP level 8. HP: 48/48 MP: 8/8
  4156 | D:5      | 4156 ||| DRINKING 2 smoky yellow potions.
  4163 | D:5      | 4163 ||| READING 4 scrolls of identify.
  4163 | D:5      | 4163 ||| IDENTIFYING pink potion
  4164 | D:5      | 4164 ||| READING 3 scrolls of identify.
  4164 | D:5      | 4164 ||| IDENTIFYING inky potion
  4165 | D:5      | 4165 ||| READING 2 scrolls of identify.
  4165 | D:5      | 4165 ||| IDENTIFYING golden potion
  4166 | D:5      | 4166 ||| DROPPING potion of invisibility.
  4167 | D:5      | 4167 ||| DROPPING potion of ambrosia.
  4252 | D:6      | 4252 ||| DROPPING +0 flail.
  4326 | D:6      | Found a staircase to the Ecumenical Temple.
  4327 | D:6      | 4327 ||| PLANNING TEMPLE
  4327 | D:6      | 4327 ||| READING scroll labelled QUHOSI FAGEOG.
  4428 | D:6      | 4428 ||| DRINKING 2 viscous cyan potions.
  4437 | Temple   | Entered the Ecumenical Temple
  4456 | Temple   | 4456 ||| PLANNING OKAWARU WORSHIP
  4481 | Temple   | Became a worshipper of Warmaster Okawaru
  4482 | Temple   | 4482 ||| PLANNING D:1-11
  4744 | D:6      | 4744 ||| Stepping ~*~*~tactically~*~*~ (hiding).
  5198 | D:6      | 5198 ||| DRINKING 3 puce potions.
  5199 | D:6      | 5199 ||| DRINKING 2 grey potions.
  5199 | D:6      | Gained mutation: Armour fits poorly on your strangely
                  | shaped body. [potion of mutation]
  5199 | D:6      | Gained mutation: You expend magic power (3 MP) to
                  | strengthen your wands. [potion of mutation]
  5200 | D:6      | 5200 ||| DRINKING potion of mutation.
  5200 | D:6      | Lost mutation: Armour fits poorly on your strangely shaped
                  | body. [potion of mutation]
  5200 | D:6      | Lost mutation: You expend magic power (3 MP) to strengthen
                  | your wands. [potion of mutation]
  5200 | D:6      | Gained mutation: You have a pair of small horns on your
                  | head. [potion of mutation]
  5201 | D:6      | 5201 ||| DROPPING +0 helmet.
  5202 | D:6      | 5202 ||| DRINKING 2 yellow potions.
  5203 | D:6      | 5203 ||| DROPPING potion of brilliance.
  5281 | D:7      | 5281 ||| Stepping ~*~*~tactically~*~*~ (hiding).
  5283 | D:7      | 5283 ||| Stepping ~*~*~tactically~*~*~ (hiding).
  5374 | D:7      | 5374 ||| Stepping ~*~*~tactically~*~*~ (stealth).
  5390 | D:7      | 5390 ||| Stepping ~*~*~tactically~*~*~ (stealth).
  5451 | D:7      | 5451 ||| DROPPING +2 heavy flail.
  5545 | D:7      | Reached skill level 8 in Axes
  5872 | D:7      | Reached * piety under Okawaru
  5873 | D:7      | Reached skill level 6 in Fighting
  6293 | D:7      | Reached skill level 1 in Invocations
  6295 | D:7      | 6295 ||| INVOKING Heroism.
  6616 | D:7      | 6616 ||| Stepping ~*~*~tactically~*~*~ (stealth).
  6663 | D:7      | 6663 ||| UPGRADING to ring of protection from fire.
  6664 | D:7      | 6664 ||| READING scroll labelled VOENOEMMAK.
  6705 | D:8      | Reached XP level 9. HP: 53/55 MP: 9/9
  6706 | D:8      | 6706 ||| STAIRDANCE
  6796 | D:8      | Found a flagged portal.
  6803 | D:8      | 6803 ||| Stepping ~*~*~tactically~*~*~ (hiding).
  6812 | D:8      | Reached skill level 9 in Axes
  6926 | D:8      | 6926 ||| Stepping ~*~*~tactically~*~*~ (stealth).
  6938 | D:8      | Reached skill level 3 in Invocations
  6939 | D:8      | 6939 ||| INVOKING Heroism.
  7065 | D:8      | 7065 ||| INVOKING Heroism.
  7078 | D:8      | 7078 ||| Stepping ~*~*~tactically~*~*~ (stealth).
  7088 | D:8      | 7088 ||| INVOKING Heroism.
  7171 | D:8      | 7171 ||| Stepping ~*~*~tactically~*~*~ (hiding).
  7172 | D:8      | 7172 ||| Stepping ~*~*~tactically~*~*~ (hiding).
  7173 | D:8      | 7173 ||| Stepping ~*~*~tactically~*~*~ (hiding).
  7174 | D:8      | 7174 ||| Stepping ~*~*~tactically~*~*~ (hiding).
  7192 | D:8      | 7192 ||| Stepping ~*~*~tactically~*~*~ (stealth).
  7194 | D:8      | 7194 ||| Stepping ~*~*~tactically~*~*~ (hiding).
  7195 | D:8      | 7195 ||| Stepping ~*~*~tactically~*~*~ (hiding).
  7387 | D:8      | 7387 ||| Stepping ~*~*~tactically~*~*~ (stealth).
  7389 | D:8      | 7389 ||| Stepping ~*~*~tactically~*~*~ (hiding).
  7390 | D:8      | 7390 ||| Stepping ~*~*~tactically~*~*~ (hiding).
  7392 | D:8      | 7392 ||| Stepping ~*~*~tactically~*~*~ (hiding).
  7448 | D:8      | Found a basalt altar of Yredelemnul.
  7607 | D:8      | Found a staircase to the Lair.
  7608 | D:8      | Noticed a komodo dragon
  7619 | D:8      | 7619 ||| INVOKING Heroism.
  7629 | D:8      | Killed a komodo dragon
  7741 | D:8      | 7741 ||| PLANNING LAIR
  7741 | D:8      | 7741 ||| DROPPING +0 scale mail.
  7742 | D:8      | 7742 ||| UPGRADING to +0 chain mail.
  7752 | D:8      | 7752 ||| READING scroll labelled JOOLUN BOAHEPN.
  7753 | D:8      | 7753 ||| READING 2 scrolls of identify.
  7753 | D:8      | 7753 ||| IDENTIFYING bubbling amethyst potion
  7794 | Lair:1   | Entered Level 1 of the Lair of Beasts
  7795 | Lair:1   | 7795 ||| PLANNING GAUNTLET
  7823 | Lair:1   | Noticed a polar bear
  7824 | Lair:1   | 7824 ||| INVOKING Heroism.
  7824 | Lair:1   | Noticed a cane toad
  7833 | Lair:1   | Killed a polar bear
  7833 | Lair:1   | Reached ** piety under Okawaru
  7834 | Lair:1   | Reached XP level 10. HP: 38/63 MP: 11/13
  7836 | Lair:1   | Killed a cane toad
  7837 | Lair:1   | Reached skill level 10 in Axes
  7837 | Lair:1   | 7837 ||| FLEEEEING.
  7838 | Lair:1   | 7838 ||| FLEEEEING.
  7839 | Lair:1   | 7839 ||| FLEEEEING.
  7840 | Lair:1   | 7840 ||| FLEEEEING.
  7841 | Lair:1   | 7841 ||| FLEEEEING.
  7842 | Lair:1   | 7842 ||| STAIRDANCE
  7951 | Lair:1   | 7951 ||| STAIRDANCE
  7954 | D:8      | 7954 ||| INVOKING Heroism.
  8072 | Lair:1   | 8072 ||| STAIRDANCE
  8103 | Lair:1   | 8103 ||| STAIRDANCE
  8156 | Lair:1   | Found a gate leading to a gauntlet.
  8165 | Gauntlet | Entered a Gauntlet
  8165 | Gauntlet | Found a transporter.
  8178 | Gauntlet | Found a transporter.
  8189 | Gauntlet | Found a transporter.
  8191 | Gauntlet | Noticed a wretched star
  8193 | Gauntlet | Noticed a large abomination
  8194 | Gauntlet | Found a transporter.
  8195 | Gauntlet | Noticed a large abomination
  8215 | Gauntlet | Found a transporter.
  8226 | Gauntlet | Noticed a large abomination
  8228 | Gauntlet | Found a transporter.
  8240 | Gauntlet | Found a transporter.
  8248 | Gauntlet | Noticed a hellion
  8252 | Gauntlet | Found a transporter.
  8258 | Gauntlet | Found a transporter.
  8258 | Gauntlet | Found a transporter.
  8276 | Gauntlet | Found the +4 consecrated labrys {holy, Valiant Fragile Fly
                  | SInv}
  8277 | Gauntlet | Found a transporter.
  8289 | Gauntlet | Found a transporter.
  8291 | Gauntlet | Noticed an apocalypse crab
  8306 | Gauntlet | Found a transporter.
  8323 | Gauntlet | Found a transporter.
  8327 | Gauntlet | Found a transporter.
  8349 | Gauntlet | Noticed a wizard
  8350 | Gauntlet | Found a transporter.
  8352 | Gauntlet | Found a transporter.
  8374 | Gauntlet | Found a transporter.
  8582 | Gauntlet | Killed a wizard
  8630 | Gauntlet | 8630 ||| INVOKING Heroism.
  8690 | Gauntlet | 8690 ||| UPGRADING to +2 pair of boots of flying.
  8742 | Gauntlet | Identified the +2 pair of boots of the Distant Future {MP+9
                  | Str+2}
  8807 | Gauntlet | Noticed a minotaur
  8808 | Gauntlet | 8808 ||| INVOKING Heroism.
  8819 | Gauntlet | HP: 8/65 [minotaur's headbutt (10)]
  8820 | Gauntlet | Demolished by a minotaur

Levels and vault maps discovered:
D:1:      saegor_arrival_miasma, layout_rooms, ebering_ecumenical_altar_mist
D:2:      layout_basic, uniq_robin
D:3:      layout_basic
D:4:      layout_basic, uniq_ijyb, uniq_crazy_yiuf_cottage
D:5:      layout_basic, serial_co_window_serial, co_window_corner_a,
          co_window_corner_a, co_window_paths_b, co_window_paths_b,
          co_window_paths_a, co_window_paths_c, co_window_of_opportunity_b,
          co_window_of_opportunity_c, co_window_corner_b,
          co_window_unsneaky_path_a, co_window_cross_3, co_window_broadway_b,
          co_window_paths_d, glass_columns_c, glass_columns_a, glass_columns_c,
          serial_shops, nicolae_shop_hallway_stairs, shop,
          nicolae_shop_bloodbath_and_beyond
D:6:      layout_loops_corners, minmay_temple_entry_glass,
          kennysheep_decorative_pillar
D:7:      layout_layer_cave
D:8:      layout_cave_pools, yredelemnul_forgotten_temple_becter,
          david_lair_shrubbed, enter_bailey_2
Temple:   hellmonk_temple_of_storms
Lair:1:   layout_cave_shapes, gauntlet_entry_generic, basic_altar,
          nicolae_quartered_pool_super, st_stairs_7, dreamdust_gnoll_shepherd,
          serial_bayou_shore_a
Gauntlet: gammafunk_gauntlet_one_two_three
          [gammafunk_gauntlet_arena_split_diamond,
          gammafunk_gauntlet_arena_spirals, gammafunk_gauntlet_arena_mazey,
          nicolae_gauntlet_arena_blocks, nicolae_gauntlet_arena_quarters,
          nicolae_gauntlet_arena_flowing_pool, gammafunk_gauntlet_arena_crates,
          gammafunk_gauntlet_arena_arrow_garden, nicolae_gauntlet_arena_grate_2,
          nicolae_gauntlet_exit_dead_adventurers]

Skill      XL: |  1  2  3  4  5  6  7  8  9 10 |
---------------+-------------------------------+-----
Axes           | 2 3 4 5 7 8 9 10 | 10.2
Throwing       | 2 |  2.1
Dodging        | 1 2 |  2.3
Fighting       | 4 6 7 8 |  8.8
Invocations    | 1 4 |  4.0
Shields        | 4 5 |  5.3
Armour         | 5 |  5.0

Action                     |  1- 3 |  4- 6 |  7- 9 | 10-12 || total
---------------------------+-------+-------+-------+-------++-------
  Melee: War axe           |    79 |   160 |   230 |    64 ||   533
         Headbutt          |       |       |    23 |    17 ||    40
  Throw: Javelin           |       |    17 |    49 |       ||    66
 Invoke: Heroism           |       |       |     6 |     3 ||     9
    Use: Scroll            |     5 |     1 |     9 |       ||    15
         Potion            |       |       |     6 |       ||     6
 Armour: Scale mail        |    47 |    57 |       |       ||   104
         Ring mail         |       |    13 |    94 |       ||   107
         Chain mail        |       |       |     2 |    16 ||    18
  Dodge: Dodged            |    41 |    66 |   151 |    24 ||   282
  Block: Buckler           |    21 |    27 |    58 |     6 ||   112

Table legend:
 A = Non-vault XP
 B = Vault XP
 C = Vault XP percentage of total XP
 D = Non-vault monster count
 E = Vault monster count
 F = Vault count percentage of total count
                 A         B        C        D         E       F
            +---------+---------+-------+---------+---------+-------
      Total |    5404 |    1788 |  24.9 |     176 |      19 |   9.7
            +---------+---------+-------+---------+---------+-------
        D:1 |      54 |       0 |   0.0 |      33 |       0 |   0.0
        D:2 |     123 |      25 |  16.9 |      29 |       7 |  19.4
        D:3 |     184 |       0 |   0.0 |      18 |       0 |   0.0
        D:4 |     373 |      36 |   8.8 |      20 |       1 |   4.8
        D:5 |     412 |       0 |   0.0 |      20 |       0 |   0.0
        D:6 |     297 |       0 |   0.0 |      10 |       0 |   0.0
        D:7 |    1006 |       0 |   0.0 |      24 |       0 |   0.0
        D:8 |    2118 |     362 |  14.6 |      19 |       2 |   9.5
     Lair:1 |     837 |       0 |   0.0 |       3 |       0 |   0.0
   Gauntlet |       0 |    1365 | 100.0 |       0 |       9 | 100.0
            +---------+---------+-------+---------+---------+-------
